 Dungeon Crawl Stone Soup version 0.30-a0-140-gd1020e658a (webtiles) character file.

Game seed: 8114904601154905062

1062 runemasterragnar the Insei (level 8, -4/99 HPs)
             Began as a White Draconian Transmuter on Sept 24, 2022.
             Slain by a hornet zombie (5 damage)
             ... on level 5 of the Dungeon.
             The game lasted 00:07:05 (4340 turns).

runemasterragnar the Insei (DrTm)                   Turns: 4340, Time: 00:07:06

Health: -4/99      AC: 24    Str: 12    XL:     8   Next: 6%
Magic:  11/14      EV:  2    Int: 16    God:
Gold:   203        SH:  0    Dex: 18    Spells: 5/15 levels left

rFire   . . .      SeeInvis .      - Unarmed
rCold   . . .      Faith    .    (no shield)
rNeg    . . .      Spirit   .    (body armour unavailable)
rPois   +          Reflect  .    (helmet currently unavailable)
rElec   .          Harm     .    (cloak currently unavailable)
rCorr   .          Rampage  .    (gloves currently unavailable)
Will    .....      NoTele   +    (boots currently unavailable)
Stlth   ++........               n - amulet of regeneration
HPRegen 1.06/turn                r - ring of wizardry
MPRegen 0.14/turn                v - +6 ring of dexterity

@: tree-form
A: stationary, stasis, torment immunity, boosted hp, (breathe frost), AC +6,
unfitting armour, (cold resistance 1), (cold-blooded)
a: no special abilities


You were on level 5 of the Dungeon.
You were a tree.
You visited 1 branch of the dungeon, and saw 5 of its levels.

You collected 203 gold pieces.

Inventory:

Armour
 t - a +0 pair of gloves
 u - a scarf of invisibility (melded)
 w - the +1 pair of gloves of Evolution (melded) {Str+6}
   (You found it on level 4 of the Dungeon)

   Str:       It affects your strength (+6).
Jewellery
 n - an amulet of regeneration (around neck)
 r - a ring of wizardry (left branch)
 v - a +6 ring of dexterity (right branch)
Wands
 y - a wand of flame (10)
Scrolls
 c - 3 scrolls of teleportation {unknown}
 f - a scroll of amnesia {unknown}
 g - 2 scrolls of butterflies {unknown}
 i - 5 scrolls of summoning
 l - a scroll of immolation {unknown}
 m - 2 scrolls of identify {unknown}
 q - a scroll of magic mapping {unknown}
 x - a scroll of noise {unknown}
 z - a scroll of blinking {unknown}
Potions
 a - 2 potions of lignification
 b - 3 potions of curing
 d - a potion of brilliance
 e - a potion of invisibility {unknown}
 h - 2 potions of attraction {unknown}
 j - a potion of mutation {unknown}
 k - a potion of degeneration {unknown}
 o - 2 potions of cancellation {unknown}
 p - a potion of heal wounds {unknown}
 s - a potion of berserk rage {unknown}


   Skills:
 + Level 4.3 Fighting
 + Level 3.9 Dodging
 + Level 4.9 Unarmed Combat
 + Level 4.1 Spellcasting
 + Level 4.3 Transmutations
 + Level 2.2 Ice Magic
 + Level 1.9 Evocations


You had 5 spell levels left.
You knew the following spells:

 Your Spells              Type           Power      Damage    Failure   Level
a - Beastly Appendage     Tmut           34%        N/A       1%          1
b - Wereblood             Tmut           17%        N/A       1%          2
c - Spider Form           Tmut/Pois      10%        N/A       9%          3
d - Ice Form              Ice/Tmut       13%        N/A       16%         4

Your spell library contained the following spells:

 Spells                   Type           Power      Damage    Failure   Level
 Foxfire                  Conj/Fire      12%        2x1d4     7%          1
 Confusing Touch          Hex            3%         N/A       21%         3
 Inner Flame              Hex/Fire       3%         N/A       21%         3
 Kindle Blastsparks       Fire/Tloc/Air  6%         2d10      21%         3
 Flame Wave               Conj/Fire      3%         2d5       52%         4
 Yara's Violent Unravell  Hex/Tmut       5%         3d4       56%         5
 Enfeeble                 Hex            1%         N/A       100%        7


Dungeon Overview and Level Annotations

Branches:
Dungeon (5/15)
 Temple: D:4-7

Altars:
Trog

Annotations:
D:3 2 transporters, pigah's ghost, amateur OpAE
D:5 Prince Ribbit


Innate Abilities, Weirdness & Mutations

You are a tree.
Your roots penetrate the ground, keeping you stationary.
You cannot be teleported.
You are immune to unholy pain and torment.
Your maximum health is greatly increased.
Your equipment is partially melded.
((You can breathe waves of freezing cold which knock back foes.))
((Your icy white scales are hard. (AC +6)))
You cannot fit into any form of body armour.
((Your flesh is cold resistant. (rC+)))
((You are cold-blooded and may be slowed by cold attacks.))


Message History

You pummel the hornet zombie!! You freeze the hornet zombie.
The hornet zombie is moderately damaged.
Your primal bloodlust has ended.
The hornet zombie hits you! Prince Ribbit barely misses you.
The hornet zombie hits you.
You hit the hornet zombie.
The hornet zombie is heavily damaged.
Prince Ribbit hits you. The hornet zombie hits you!
You punch the hornet zombie!
The hornet zombie is severely damaged.
Prince Ribbit closely misses you. The hornet zombie closely misses you.
Prince Ribbit blinks!
You hit the hornet zombie.
The hornet zombie is almost destroyed.
The hornet zombie hits you but does no damage.
You completely miss the hornet zombie.
The hornet zombie is almost destroyed.
Prince Ribbit croaks regally.
The hornet zombie closely misses you.
You barely miss the hornet zombie.
The hornet zombie is almost destroyed.
The hornet zombie hits you. The hornet zombie hits you!
* * * LOW HITPOINT WARNING * * *
You hit the hornet zombie.
The hornet zombie is almost destroyed.
Prince Ribbit hits you!
* * * LOW HITPOINT WARNING * * *
The hornet zombie hits you but does no damage.
Okay, then.
Really quaff the potion of lignification?
You warm up again.
Your scarf of invisibility unmelds from your body.
The +1 pair of gloves of Evolution {Str+6} unmelds from your body.
You become transparent for a moment.
You turn into a tree.
Your scarf of invisibility melds into your body.
The +1 pair of gloves of Evolution {Str+6} melds into your body.
Your roots penetrate the ground.
Prince Ribbit hits you!
* * * LOW HITPOINT WARNING * * *
The hornet zombie hits you.
You die...

#......#
#.#..####
#####..###.#..#
#...##.#...#
##..##.#.#.#
#..##.# .#
#..##.# .
#..##.###.
#..F.....>
##♣##.###.
###Z##.#
#..Z...#
#........#
#.#.#.##.# #
#.#.. ... ....#
#..# .. ..# ..#
... ..# ..


You could see Prince Ribbit, an adder zombie and a hornet zombie.

Vanquished Creatures
  Sigmund (D:3)
  An ice beast (D:4)
  2 ogres
  2 phantoms (D:5)
  2 scorpions
  A centaur zombie (D:5)
  2 bullfrog zombies (D:5)
  A jelly (D:3)
  An iguana (D:4)
  2 orc wizards (D:4)
  A hound zombie (D:5)
  A hound skeleton (D:5)
  3 gnolls (D:2)
  4 adders
  An adder zombie (D:5)
  A worm (D:4)
  2 dart slugs
  9 orcs
  4 ball pythons
  4 bats
  4 endoplasms
  3 giant cockroaches
  7 hobgoblins
  5 kobolds
  2 quokkas
  4 frilled lizards
  8 goblins
  5 rats
83 creatures vanquished.

Notes
Turn   | Place    | Note
-------+----------+-------------------------------------------
     0 | D:1      | runemasterragnar the Draconian Transmuter began the quest
                  | for the Orb.
     0 | D:1      | Reached XP level 1. HP: 16/16 MP: 3/3
   301 | D:1      | Reached XP level 2. HP: 21/23 MP: 3/5
   477 | D:1      | Found a faded altar of an unknown god.
  1056 | D:2      | Reached XP level 3. HP: 29/29 MP: 4/6
  1065 | D:2      | Learned a level 2 spell: Wereblood
  1069 | D:2      | Learned a level 3 spell: Spider Form
  1521 | D:2      | Reached XP level 4. HP: 36/36 MP: 5/7
  2072 | D:3      | Noticed Sigmund
  2125 | D:3      | Killed Sigmund
  2126 | D:3      | Reached XP level 5. HP: 11/44 MP: 4/9
  2456 | D:3      | Found a transporter.
  2459 | D:3      | Noticed pigah's ghost (amateur OpAE)
  2466 | D:3      | Reached XP level 6. HP: 33/51 MP: 0/10
  2659 | D:3      | Found a transporter.
  3015 | D:3      | Learned a level 4 spell: Ice Form
  3279 | D:4      | Noticed an ice beast
  3291 | D:4      | Killed an ice beast
  3403 | D:4      | Found a bloodstained altar of Trog.
  3520 | D:4      | Your scales start taking on an icy white colour.
  3520 | D:4      | Reached XP level 7. HP: 40/57 MP: 9/12
  3520 | D:4      | Gained mutation: Your flesh is cold resistant. (rC+) [White
                  | Draconian growth]
  3589 | D:4      | Identified the +1 pair of gloves of Evolution {Str+6}
  3918 | D:4      | Reached skill level 1 in Ice Magic
  4200 | D:5      | Entered Level 5 of the Dungeon
  4213 | D:5      | Reached skill level 1 in Evocations
  4308 | D:5      | Reached XP level 8. HP: 66/66 MP: 11/14
  4314 | D:5      | Noticed Prince Ribbit
  4340 | D:5      | HP: 1/99 [Prince Ribbit (13)]
  4340 | D:5      | Slain by a hornet zombie

Illustrated notes

Levels and vault maps discovered:
D:1:      mrwooster_arrival_statue_3, layout_loops_ring,
          chequers_ecumenical_altar_lobes
D:2:      layout_basic
D:3:      layout_basic, gammafunk_ghost_arena, uniq_sigmund
D:4:      layout_loops_ring, mainiacjoe_overflow_chevrons,
          roderic_roman_lattice, fountainhead, corexii_leaking_fountain,
          hangedman_decor_slide_cut
D:5:      layout_loops_ring, makhleb_blood_cavern_becter, serial_undead,
          serial_undead_d, serial_undead_c, serial_undead_a, serial_undead_f,
          serial_undead_a, serial_undead_d, kennysheep_minor_cross,
          uniq_prince_ribbit1, uniq_eustachio

Skill      XL: |  1  2  3  4  5  6  7 |
---------------+----------------------+-----
Dodging        | 2 3 |  3.9
Fighting       | 2 3 4 |  4.3
Unarmed Combat | 4 |  4.9
Spellcasting   | 3 4 |  4.1
Transmutations | 3 4 |  4.3
Ice Magic      | 2 |  2.2
Evocations     | 1 |  1.9

Action                   |  1- 3 |  4- 6 |  7- 9 || total
-------------------------+-------+-------+-------++-------
Melee: Unarmed           |    81 |    99 |    96 ||   276
       Tailslap          |     9 |     7 |     8 ||    24
       Headbutt          |     5 |     4 |    14 ||    23
       Kick              |     7 |     5 |    29 ||    41
 Cast: Beastly Appendage |    21 |    18 |    10 ||    49
       Spider Form       |     2 |     6 |       ||     8
       Wereblood         |       |     2 |     3 ||     5
       Ice Form          |       |     2 |     1 ||     3
 Abil: Breathe Frost     |       |       |     5 ||     5
  Use: Potion            |       |     2 |     1 ||     3
 Stab: Sleeping          |     1 |       |       ||     1
Armor: Skin              |    20 |    18 |    32 ||    70
Dodge: Dodged            |    52 |    55 |    43 ||   150

Table legend: (Time is in decaauts)
 A = Elapsed time spent in this place.
 B = Non-inter-level travel time spent in this place.
 C = Inter-level travel time spent in this place.
 D = Time resting spent in this place.
 E = Time spent auto-exploring this place.
 F = Levels seen in this place.
 G = Mean time per level.
                   A        B        C        D        E       F      G
               +--------+--------+--------+--------+--------+-----+--------+
         Total |   4322 |   4160 |    162 |    171 |   3262 |   5 |  864.4 |
       Dungeon |   4322 |   4160 |    162 |    171 |   3262 |   5 |  864.4 |
               +--------+--------+--------+--------+--------+-----+--------+

Top non-repeatable levels by time:
     D:3: 1228 daAuts
     D:2: 1072 daAuts
     D:1: 973 daAuts
     D:4: 914 daAuts
     D:5: 134 daAuts
